 Dungeon Crawl Stone Soup version 0.19-a0-1834-g6b7851e (webtiles) character file.

9 varam the Sneak (level 2, 0/13 HPs)
             Began as a Spriggan Enchanter on Oct 8, 2016.
             Was an Initiate of Nemelex Xobeh.
             Shot with a stone by a goblin (7 damage)
             ... on level 2 of the Dungeon.
             The game lasted 00:02:28 (594 turns).

varam the Sneak (Spriggan Enchanter)                 Turns: 594, Time: 00:02:28

Health: 0/13       AC:  3    Str:  4    XL:     2   Next: 3%
Magic:  6/6        EV: 18    Int: 16    God:    Nemelex Xobeh [......]
Gold:   18         SH:  0    Dex: 16    Spells: 1 memorised, 5 levels left

rFire  . . .     SeeInvis +     a - +1 dagger
rCold  . . .     Gourm    .     b - +1 robe
rNeg   . . .     Faith    .     (shield restricted)
rPois  .         Spirit   .     (helmet restricted)
rElec  .         Dismiss  .     (no cloak)
rCorr  .         Reflect  .     (gloves unavailable)
MR     .....     Harm     .     (boots unavailable)
Stlth  +++.......               (no amulet)
                                (no ring)
                                (no ring)

@: very quick
A: unfitting armour, see invisible, herbivore 3, speed 3, slow metabolism 2
a: Renounce Religion


You were on level 2 of the Dungeon.
You worshipped Nemelex Xobeh.
Nemelex Xobeh was noncommittal.
You were not hungry.

You visited 1 branch of the dungeon, and saw 2 of its levels.

You collected 18 gold pieces.

Inventory:

Hand Weapons
 a - a +1 dagger (weapon)
Armour
 b - a +1 robe (worn)
Scrolls
 e - a scroll of amnesia {unknown}
Potions
 f - a potion of lignification {unknown}
Books
 c - a book of Maledictions

   Spells                             Type                      Level
   a - Corona                         Hexes                        1
   b - Ensorcelled Hibernation        Hexes/Ice                    2
   c - Confuse                        Hexes                        3
   d - Tukima's Dance                 Hexes                        3
   e - Dazzling Spray                 Conjuration/Hexes            3
Comestibles
 d - a bread ration


   Skills:
 + Level 1.7 Short Blades
 - Level 3.0 Dodging
 + Level 5.0 Stealth
 - Level 2.6 Spellcasting
 - Level 3.6 Hexes


You had 5 spell levels left.
You knew the following spells:

 Your Spells              Type           Power        Failure   Level  Hunger
a - Corona                Hex            ##.....      6%          1    #......


Dungeon Overview and Level Annotations

Branches:
Dungeon (2/15)

Altars:
Nemelex Xobeh


Innate Abilities, Weirdness & Mutations

You are very small and have problems with some larger weapons.
You are too small for most types of armour.
You have supernaturally acute eyesight. (SInv)
You are a herbivore.
You cover ground extremely quickly.
You need consume almost no food.


Message History

No target in view!
No target in view!
Things that are here:
a short sword; 4 stones
Found a whip.
Found an escape hatch in the ceiling.
You found a shaft!
There is an escape hatch in the ceiling here. 3 goblins come into view.
Found a scroll labeled PYTEBLODDO.
The goblin shouts!
The goblin shouts! x2
The goblin hits you with a dagger.
The goblin shoots a stone.
The stone completely misses you.
The goblin shoots a stone.
The stone hits you.
You see here a stone.
The goblin shoots a stone.
The stone hits you!
Ouch! That really hurt!
You die...
Your body disappears without a glow.

#####.##.# ##.......#
##.......## ##.......##.
(<.......##.####
##..............
#.......##...###
#..............############
##.#####.......@.ggg.......
#)####........#.......###
#........)....#.....?.#
######........#.......#
##.......#.....≈≈#
##^....##≈≈≈≈≈.≈#
##..<###≈≈≈g≈≈≈#
##....####+#### ######


You could see 4 goblins.

Vanquished Creatures
  2 hobgoblins
  4 kobolds
  A bat (D:2)
  2 frilled lizards (D:1)
  A rat (D:1)
10 creatures vanquished.

Notes
Turn   | Place    | Note
-------+----------+-------------------------------------------
     0 | D:1      | varam the Spriggan Enchanter began the quest for the Orb.
     0 | D:1      | Reached XP level 1. HP: 9/9 MP: 5/5
   499 | D:1      | Found a sparkling altar of Nemelex Xobeh.
   527 | D:1      | Became a worshipper of Nemelex Xobeh the Trickster
   555 | D:2      | Reached XP level 2. HP: 13/13 MP: 6/6
   568 | D:2      | Reached skill level 5 in Stealth
   594 | D:2      | Shot with a stone by a goblin

Vault maps used:
D:1:      noname_arrival_rooms_in_the_neighbourhood, serial_bayou_ford_a,
          columned_hall_lemuel, minmay_misc_feat_tower,
          hangedman_decor_opposing, nemelex_altar_shiori
D:2:      serial_glass, glass_columns_c, glass_columns_a, glass_columns_a,
          minmay_goblin_outpost

Skill      XL: |  1  2 |
---------------+-------+-----
Stealth        | 5 |  5.0
Short Blades   | |  1.7
Dodging        | |  3.0
Spellcasting   | |  2.6
Hexes          | |  3.6

Action                   || total
-------------------------++-------
Melee: Dagger            ||    39
 Cast: Corona            ||     3
 Stab: Sleeping          ||     3
Armor: Robe              ||     5
Dodge: Dodged            ||    25
